Demolitions vs Inferno
Created - 28 septembre 2014 at 19:09
Goals
|
| Demolitions |
4 |
2 |
0 |
6 |
| Inferno |
4 |
1 |
3 |
8 |
|
Shots
|
| Demolitions |
11 |
13 |
2 |
26 |
| Inferno |
15 |
12 |
13 |
40 |
|
1st period
1. Demolitions , Daniel Paille 2 (Nikolai Zherdev, Petr Vrana) at 6:23
2. Demolitions , Nikolai Zherdev 1 (Ryan Craig, Karl Alzner) at 6:35
3. Inferno , Colin Wilson 3 (Brad Marchand) at 8:47 (PP)
4. Demolitions , Anssi Salmela 1 (Spencer Machacek, Petr Vrana) at 11:12
5. Inferno , Brad Marchand 4 (Jonathan Ferland) at 12:30 (PP)
6. Inferno , Cal O'Reilly 2 (Pavel Vorobiev, David Ullstrom) at 14:58
7. Inferno , Pavel Vorobiev 1 (Cal O'Reilly) at 17:43
8. Demolitions , Anthony Stewart 1 (T.J. Hensick, Tim Erixon) at 18:21
Penalties :
Spencer Machacek (Vic) for Slashing (Minor) at 8:43, T.J. Hensick (Vic) for Hooking (Minor) at 12:07
2nd period
9. Demolitions , Ryan Craig 1 (Nikolai Zherdev, Tim Erixon) at 6:13
10. Demolitions , Spencer Machacek 1 (Karl Alzner, Anssi Salmela) at 7:25
11. Inferno , Brian Boyle 1 (Stephane Veilleux, Vladimir Zharkov) at 9:19
Penalties :
Colin Wilson (Anc) for Holding Stick (Minor) at 0:40, Ryan Craig (Vic) for Hooking (Minor) at 3:22, Nikolai Zherdev (Vic) for Roughing (Minor) at 9:22
3rd period
12. Inferno , Matt Kassian 2 (Alex Berry) at 7:17
13. Inferno , Pavel Vorobiev 2 (Cal O'Reilly, Simon Danis-Pepin) at 16:52
14. Inferno , Colin Wilson 4 (Brad Marchand) at 17:51
Penalties :
Seth Helgeson (Vic) for Roughing (Minor) at 1:08, Brad Richardson (Vic) for Roughing (Minor) at 8:52
Goalie Stats
Brent Krahn (Vic), 32 saves from 40 shots - (0,800), L, 0-2-0, 60:00 minutes
Jonathan Boutin (Anc), 9 saves from 9 shots - (1,000), W, 1-0-0, 32:35 minutes
Josh Harding (Anc), 11 saves from 17 shots - (0,647), 27:25 minutes
Players Stats for Demolitions
Player Name G A P +/- PIM S H SB GA TA FO MP PP MP PK MP
------------------------------------------------------------------------------------
Anssi Salmela 1 1 2 1 0 2 1 2 0 1 0/0 20:18 0:22 4:03
Anthony Stewart 1 0 1 0 0 2 3 0 2 0 0/1 18:31 0:46 3:54
Anton Babchuk 0 0 0 -2 0 1 2 3 0 1 0/0 27:39 1:37 4:20
Bobby Butler 0 0 0 -1 0 0 1 0 0 0 0/0 13:45 0:46 0:00
Brad Richardson 0 0 0 -2 2 3 2 0 0 0 1/1 11:58 0:00 0:56
Corban Knight 0 0 0 0 0 0 2 0 0 0 1/5 11:02 0:00 1:26
Daniel Paille 1 0 1 2 0 3 2 0 0 2 1/1 20:01 1:13 3:43
Darren Helm 0 0 0 -2 0 0 2 0 0 0 7/10 11:17 0:00 0:24
Jordan LaVallee 0 0 0 -2 0 1 0 0 1 0 0/1 12:06 0:00 1:00
Karl Alzner 0 2 2 1 0 0 2 0 1 0 0/0 20:18 0:22 4:03
Kyle Cumiskey 0 0 0 -2 0 2 4 5 0 0 0/0 27:39 1:37 4:20
Nikolai Zherdev 1 2 3 3 2 4 4 1 1 1 4/9 20:39 1:13 3:27
Petr Vrana 0 2 2 0 0 3 0 0 1 1 1/1 11:32 0:00 1:56
Ryan Craig 1 1 2 3 2 3 1 0 0 1 6/18 17:12 1:13 0:00
Seth Helgeson 0 0 0 1 2 0 4 1 0 0 0/0 12:12 0:00 0:00
Spencer Machacek 1 1 2 0 2 1 0 0 0 0 0/1 9:35 0:00 0:00
T.J. Hensick 0 1 1 -1 2 1 2 2 2 0 3/11 13:44 0:46 0:00
Tim Erixon 0 2 2 1 0 0 0 3 0 1 0/0 12:03 0:00 0:00
Players Stats for Inferno
Player Name G A P +/- PIM S H SB GA TA FO MP PP MP PK MP
------------------------------------------------------------------------------------
Alex Berry 0 1 1 0 0 3 1 0 0 0 0/0 9:01 0:56 0:00
Anders Lee 0 0 0 0 0 0 0 0 1 1 2/4 9:29 0:33 0:37
Andrej Sekera 0 0 0 -1 0 2 2 1 1 0 0/0 28:03 4:33 1:06
Brad Marchand 1 2 3 -1 0 6 1 0 0 0 3/3 21:38 4:29 0:47
Brendan Mikkelson 0 0 0 0 0 0 0 1 0 1 0/0 19:06 3:50 0:53
Brian Boyle 1 0 1 -2 0 2 1 0 0 3 9/14 14:41 0:00 1:09
Cal O'Reilly 1 2 3 3 0 2 2 1 1 0 4/5 14:50 3:21 0:13
Colin Wilson 2 0 2 -1 2 4 0 1 0 0 17/32 20:50 4:29 0:00
David Ullstrom 0 1 1 3 0 0 1 0 0 0 0/0 11:38 0:00 0:00
Jonathan Ferland 0 1 1 -1 0 5 0 0 2 0 0/0 22:03 4:29 1:12
Mark Mitera 0 0 0 1 0 0 0 1 1 0 0/0 13:44 0:00 0:53
Matt Kassian 1 0 1 0 0 3 0 0 0 0 0/0 8:52 0:56 0:00
Pavel Vorobiev 2 1 3 3 0 4 2 0 1 0 0/1 11:47 0:00 0:00
Simon Danis-Pepin 0 1 1 1 0 0 0 1 0 0 0/0 12:51 0:00 0:00
Stephane Veilleux 0 1 1 -2 0 5 0 1 0 1 0/0 16:40 2:58 0:00
Travis Hamonic 0 0 0 -1 0 2 0 2 0 1 0/0 28:03 4:33 1:06
Vladimir Zharkov 0 1 1 -2 0 1 0 2 1 0 0/0 16:31 2:58 0:00
Yannick Weber 0 0 0 0 0 1 0 1 0 1 0/0 18:13 3:50 0:00
3 Stars
1 - Pavel Vorobiev (Anc)
2 - Cal O'Reilly (Anc)
3 - Nikolai Zherdev (Vic)
Power Play
Demolitions - 0 on 1 Attempt(s) - 0,00%
Inferno - 2 on 6 Attempt(s) - 33,33%
Penalty Kill
Demolitions - 4 on 6 Attempt(s) - 66,67%
- Score 0 goal in Penalty Kill
Inferno - 1 on 1 Attempt(s) - 100,00%
- Score 0 goal in Penalty Kill
Official
Referees : Kowal Tom and Rehman Kyle
Linesman : Brad Kovachik and Tim Nowak
Game Notes
Jonathan Boutin enters game at 7:25 of 2nd period
5:58 of 3rd period - Inferno goal is going for a video replay. After video review, No Goal. The puck has entered the net after making contact with an attacking player’s stick that is above the height of the crossbar.
Finance
Level 1 -- Attendance: 1558 (77,90%) -- Ticket Income 54 530 $
Level 2 -- Attendance: 763 (76,30%) -- Ticket Income 11 445 $
Total Attendance: 2321 (77,37%)
Total Ticket Income: 65 975 $
Other Income: 3 299 $
Total Income: 69 274 $
Demolitions
5 vs 5 Forward
Center Left Wing Right Wing Time % Phy DF OF
1 Ryan Craig Daniel Paille Nikolai Zherdev 40 1 2 2
2 T.J. Hensick Bobby Butler Anthony Stewart 30 1 2 2
3 Darren Helm Jordan LaVallee Brad Richardson 20 1 2 2
4 Corban Knight Petr Vrana Spencer Machacek 10 1 2 2
5 vs 5 Defense
Defense Defense Time % Phy DF OF
1 Kyle Cumiskey Anton Babchuk 40 1 2 2
2 Karl Alzner Anssi Salmela 30 1 2 2
3 Seth Helgeson Tim Erixon 20 1 2 2
4 Kyle Cumiskey Anton Babchuk 10 1 2 2
PowerPlay Forward
Center Left Wing Right Wing Time % Phy DF OF
1 Ryan Craig Daniel Paille Nikolai Zherdev 60 1 2 2
2 T.J. Hensick Bobby Butler Anthony Stewart 40 1 2 2
PowerPlay Defense
Defense Defense Time % Phy DF OF
1 Kyle Cumiskey Anton Babchuk 60 1 2 2
2 Karl Alzner Anssi Salmela 40 1 2 2
Penalty Kill 4 Players Forward
Center Wing Time % Phy DF OF
1 Nikolai Zherdev Anthony Stewart 60 1 2 2
2 Daniel Paille Brad Richardson 40 1 2 2
Penalty Kill 4 Players Defense
Defense Defense Time % Phy DF OF
1 Kyle Cumiskey Anton Babchuk 60 1 2 2
2 Karl Alzner Anssi Salmela 40 1 2 2
Penalty Kill - 3 Players Forward
Forward Time % Phy DF OF
1 Nikolai Zherdev 60 1 2 2
2 Anthony Stewart 40 1 2 2
Penalty Kill - 3 Players Defense
Defense Defense Time % Phy DF OF
1 Kyle Cumiskey Anton Babchuk 60 1 2 2
2 Karl Alzner Anssi Salmela 40 1 2 2
4 vs 4 Forward
Center Wing Time % Phy DF OF
1 Nikolai Zherdev Anthony Stewart 60 1 2 2
2 Daniel Paille Brad Richardson 40 1 2 2
4 vs 4 Defense
Defense Defense Time % Phy DF OF
1 Kyle Cumiskey Anton Babchuk 60 1 2 2
2 Karl Alzner Anssi Salmela 40 1 2 2
Last Minutes Offensive
Center Left Wing Right Wing Defense Defense
Ryan Craig Daniel Paille Nikolai Zherdev Kyle Cumiskey Anton Babchuk
Last Minutes Defensive
Center Left Wing Right Wing Defense Defense
Ryan Craig Daniel Paille Nikolai Zherdev Kyle Cumiskey Anton Babchuk
Goaltenders
Starting : Brent Krahn
Backup : Justin Pogge
Extra Forwards
Normal : Darren Helm, Jordan LaVallee, Petr Vrana - PP : Darren Helm, Jordan LaVallee - PK : Petr Vrana
Extra Defensemen
Normal : Seth Helgeson, Tim Erixon, Karl Alzner - PP : Seth Helgeson - PK : Tim Erixon, Karl Alzner
Penalty Shots
Nikolai Zherdev, Anthony Stewart, Daniel Paille, Brad Richardson, Ryan Craig
Inferno
5 vs 5 Forward
Center Left Wing Right Wing Time % Phy DF OF
1 Colin Wilson Brad Marchand Jonathan Ferland 40 1 2 2
2 Brian Boyle Stephane Veilleux Vladimir Zharkov 30 1 2 2
3 Cal O'Reilly David Ullstrom Pavel Vorobiev 20 1 2 2
4 Anders Lee Matt Kassian Alex Berry 10 1 2 2
5 vs 5 Defense
Defense Defense Time % Phy DF OF
1 Travis Hamonic Andrej Sekera 40 1 2 2
2 Brendan Mikkelson Yannick Weber 30 1 2 2
3 Simon Danis-Pepin Mark Mitera 20 1 2 2
4 Travis Hamonic Andrej Sekera 10 1 2 2
PowerPlay Forward
Center Left Wing Right Wing Time % Phy DF OF
1 Colin Wilson Brad Marchand Jonathan Ferland 60 1 1 3
2 Cal O'Reilly Stephane Veilleux Vladimir Zharkov 40 1 1 3
PowerPlay Defense
Defense Defense Time % Phy DF OF
1 Travis Hamonic Andrej Sekera 60 1 1 3
2 Brendan Mikkelson Yannick Weber 40 1 1 3
Penalty Kill 4 Players Forward
Center Wing Time % Phy DF OF
1 Brian Boyle Jonathan Ferland 60 1 4 0
2 Colin Wilson Brad Marchand 40 1 4 0
Penalty Kill 4 Players Defense
Defense Defense Time % Phy DF OF
1 Travis Hamonic Andrej Sekera 60 1 4 0
2 Brendan Mikkelson Mark Mitera 40 1 4 0
Penalty Kill - 3 Players Forward
Forward Time % Phy DF OF
1 Brad Marchand 60 1 4 0
2 Jonathan Ferland 40 1 4 0
Penalty Kill - 3 Players Defense
Defense Defense Time % Phy DF OF
1 Travis Hamonic Andrej Sekera 60 1 4 0
2 Brendan Mikkelson Mark Mitera 40 1 4 0
4 vs 4 Forward
Center Wing Time % Phy DF OF
1 Colin Wilson Brad Marchand 60 1 2 2
2 Cal O'Reilly Jonathan Ferland 40 1 2 2
4 vs 4 Defense
Defense Defense Time % Phy DF OF
1 Travis Hamonic Andrej Sekera 60 1 2 2
2 Brendan Mikkelson Yannick Weber 40 1 2 2
Last Minutes Offensive
Center Left Wing Right Wing Defense Defense
Colin Wilson Brad Marchand Jonathan Ferland Travis Hamonic Andrej Sekera
Last Minutes Defensive
Center Left Wing Right Wing Defense Defense
Colin Wilson Brad Marchand Jonathan Ferland Travis Hamonic Andrej Sekera
Goaltenders
Starting : Josh Harding
Backup : Jonathan Boutin
Extra Forwards
Normal : Brad Marchand, Jonathan Ferland, Pavel Vorobiev - PP : Stephane Veilleux, Cal O'Reilly - PK : Brad Marchand
Extra Defensemen
Normal : Andrej Sekera, Travis Hamonic, Brendan Mikkelson - PP : Yannick Weber - PK : Brendan Mikkelson, Andrej Sekera
Penalty Shots
Stephane Veilleux, Colin Wilson, Brad Marchand, Jonathan Ferland, Vladimir Zharkov
% Time on Ice - Demolitions
Lines # - Real PCT - Wanted PCT - Time Play
Normal Forward
1 - 32% - 40% - 16:00
2 - 26% - 30% - 13:09
3 - 22% - 20% - 10:53
4 - 19% - 10% - 9:36
Normal Defense
1 - 40% - 40% - 19:39
2 - 32% - 30% - 15:53
3 - 24% - 20% - 12:03
4 - 4% - 10% - 2:03
PP Forward
1 - 61% - 60% - 1:13
2 - 39% - 40% - 0:46
PP Defense
1 - 82% - 60% - 1:37
2 - 18% - 40% - 0:22
PK Forward
1 - 79% - 60% - 6:37
2 - 21% - 40% - 1:46
PK Defense
1 - 52% - 60% - 4:20
2 - 48% - 40% - 4:03
PK3 Forward
1 - 0% - 60%
2 - 0% - 40%
PK3 Defense
1 - 0% - 60%
2 - 0% - 40%
44 Forward
1 - 0% - 60%
2 - 0% - 40%
44 Defense
1 - 0% - 60%
2 - 0% - 40%
Last Minute Offensive - 0:00
Last Minute Defensive - 0:00
Total
Forward - 60:00
Defense - 60:00
|
% Time on Ice - Inferno
Lines # - Real PCT - Wanted PCT - Time Play
Normal Forward
1 - 35% - 40% - 17:23
2 - 27% - 30% - 13:33
3 - 23% - 20% - 11:38
4 - 14% - 10% - 7:04
Normal Defense
1 - 40% - 40% - 19:42
2 - 29% - 30% - 14:23
3 - 26% - 20% - 12:51
4 - 5% - 10% - 2:42
PP Forward
1 - 60% - 60% - 5:02
2 - 40% - 40% - 3:21
PP Defense
1 - 54% - 60% - 4:33
2 - 46% - 40% - 3:50
PK Forward
1 - 85% - 60% - 1:41
2 - 15% - 40% - 0:18
PK Defense
1 - 55% - 60% - 1:06
2 - 45% - 40% - 0:53
PK3 Forward
1 - 0% - 60%
2 - 0% - 40%
PK3 Defense
1 - 0% - 60%
2 - 0% - 40%
44 Forward
1 - 0% - 60%
2 - 0% - 40%
44 Defense
1 - 0% - 60%
2 - 0% - 40%
Last Minute Offensive - 0:00
Last Minute Defensive - 0:00
Total
Forward - 60:00
Defense - 60:00
|
Play by Play
1st period
0:01 of 1st period - Ryan Craig wins face-off versus Colin Wilson in neutral zone.
1:05 of 1st period - Slapshot by Petr Vrana.
1:05 of 1st period - Shot Misses the Net.
1:57 of 1st period - Backhand shot by Colin Wilson.
1:57 of 1st period - Shot Blocked by Anton Babchuk.
1:59 of 1st period - Slapshot by Simon Danis-Pepin.
1:59 of 1st period - Deflect By Jonathan Ferland.
1:59 of 1st period - Stopped by Brent Krahn without a rebound.
2:00 of 1st period - Brad Richardson wins face-off versus Brian Boyle in Demolitions zone.
2:09 of 1st period - Slapshot by Brad Richardson.
2:09 of 1st period - Stopped by Josh Harding with a rebound.
2:44 of 1st period - Brendan Mikkelson is hit by Daniel Paille.
3:05 of 1st period - Icing by Anssi Salmela.
3:06 of 1st period - T.J. Hensick wins face-off versus Colin Wilson in Demolitions zone.
3:17 of 1st period - Snap shot by Colin Wilson.
3:17 of 1st period - Stopped by Brent Krahn with a rebound.
3:19 of 1st period - Slapshot by Andrej Sekera.
3:19 of 1st period - Shot Blocked by Anssi Salmela.
3:21 of 1st period - Slapshot by Travis Hamonic.
3:21 of 1st period - Shot Blocked by Anssi Salmela.
4:17 of 1st period - Pavel Vorobiev is hit by Brad Richardson and loses puck.
4:38 of 1st period - Wrist shot by Brad Marchand.
4:38 of 1st period - Deflect By Anthony Stewart.
4:38 of 1st period - Shot Misses the Net.
4:38 of 1st period - Puck is out of play.
4:39 of 1st period - Colin Wilson wins face-off versus Ryan Craig in Demolitions zone.
5:21 of 1st period - Snap shot by Brian Boyle.
5:21 of 1st period - Shot Blocked by Tim Erixon.
5:35 of 1st period - Snap shot by Pavel Vorobiev.
5:35 of 1st period - Shot Misses the Net.
6:23 of 1st period - Snap shot by Daniel Paille.
6:23 of 1st period - Goal by Daniel Paille - Demolitions : 1 - Inferno : 0.
6:24 of 1st period - Brian Boyle wins face-off versus Nikolai Zherdev in neutral zone.
6:35 of 1st period - Snap shot by Nikolai Zherdev.
6:35 of 1st period - Goal by Nikolai Zherdev - Demolitions : 2 - Inferno : 0.
6:36 of 1st period - Ryan Craig wins face-off versus Colin Wilson in neutral zone.
6:45 of 1st period - Wrist shot by Daniel Paille.
6:45 of 1st period - Stopped by Josh Harding with a rebound.
6:51 of 1st period - Slapshot by Nikolai Zherdev.
6:51 of 1st period - Shot Misses the Net.
7:15 of 1st period - Snap shot by T.J. Hensick.
7:15 of 1st period - Stopped by Josh Harding without a rebound.
7:16 of 1st period - Cal O'Reilly wins face-off versus Jordan LaVallee in Inferno zone.
7:27 of 1st period - Snap shot by Pavel Vorobiev.
7:27 of 1st period - Shot Misses the Net.
8:24 of 1st period - Wrist shot by Alex Berry.
8:24 of 1st period - Shot Blocked by Kyle Cumiskey.
8:28 of 1st period - Snap shot by Alex Berry.
8:28 of 1st period - Stopped by Brent Krahn with a rebound.
8:43 of 1st period - Minor Penalty to Spencer Machacek for Slashing.
8:44 of 1st period - Brad Marchand wins face-off versus Nikolai Zherdev in Demolitions zone.
8:47 of 1st period - Snap shot by Colin Wilson.
8:47 of 1st period - Goal by Colin Wilson - Demolitions : 2 - Inferno : 1.
8:48 of 1st period - Ryan Craig wins face-off versus Colin Wilson in neutral zone.
8:51 of 1st period - Wrist shot by Nikolai Zherdev.
8:51 of 1st period - Shot Blocked by Colin Wilson.
9:22 of 1st period - Snap shot by Stephane Veilleux.
9:22 of 1st period - Stopped by Brent Krahn without a rebound.
9:23 of 1st period - Colin Wilson wins face-off versus T.J. Hensick in Demolitions zone.
10:39 of 1st period - Pavel Vorobiev is hit by Corban Knight and loses puck.
11:10 of 1st period - Snap shot by Spencer Machacek.
11:10 of 1st period - Shot Blocked by Vladimir Zharkov.
11:12 of 1st period - Slapshot by Anssi Salmela.
11:12 of 1st period - Goal by Anssi Salmela - Demolitions : 3 - Inferno : 1.
11:13 of 1st period - Colin Wilson wins face-off versus Ryan Craig in neutral zone.
11:16 of 1st period - Wrist shot by Jonathan Ferland.
11:16 of 1st period - Stopped by Brent Krahn with a rebound.
11:18 of 1st period - Slapshot by Jonathan Ferland.
11:18 of 1st period - Shot Blocked by Nikolai Zherdev.
11:20 of 1st period - Slapshot by Andrej Sekera.
11:20 of 1st period - Shot Misses the Net.
11:22 of 1st period - Slapshot by Brad Marchand.
11:22 of 1st period - Stopped by Brent Krahn with a rebound.
11:24 of 1st period - Slapshot by Brad Marchand.
11:24 of 1st period - Stopped by Brent Krahn without a rebound.
11:25 of 1st period - Ryan Craig wins face-off versus Colin Wilson in Demolitions zone.
11:25 of 1st period - Ryan Craig is hit by Brad Marchand.
12:07 of 1st period - Minor Penalty to T.J. Hensick for Hooking.
12:08 of 1st period - Colin Wilson wins face-off versus Nikolai Zherdev in Demolitions zone.
12:11 of 1st period - Wrist shot by Colin Wilson.
12:11 of 1st period - Deflect By Nikolai Zherdev.
12:11 of 1st period - Stopped by Brent Krahn with a rebound.
12:13 of 1st period - Snap shot by Brad Marchand.
12:13 of 1st period - Stopped by Brent Krahn without a rebound.
12:14 of 1st period - Nikolai Zherdev wins face-off versus Colin Wilson in Demolitions zone.
12:19 of 1st period - Jonathan Ferland is hit by Anthony Stewart and loses puck.
12:30 of 1st period - Slapshot by Brad Marchand.
12:30 of 1st period - Goal by Brad Marchand - Demolitions : 3 - Inferno : 2.
12:31 of 1st period - Colin Wilson wins face-off versus Nikolai Zherdev in neutral zone.
12:42 of 1st period - Jonathan Ferland is hit by Nikolai Zherdev.
14:01 of 1st period - Snap shot by Brad Richardson.
14:01 of 1st period - Stopped by Josh Harding without a rebound.
14:02 of 1st period - Darren Helm wins face-off versus Colin Wilson in Inferno zone.
14:13 of 1st period - Wrist shot by Brad Richardson.
14:13 of 1st period - Stopped by Josh Harding with a rebound.
14:15 of 1st period - Slapshot by Kyle Cumiskey.
14:15 of 1st period - Shot Blocked by Simon Danis-Pepin.
14:24 of 1st period - Icing by Brad Marchand.
14:25 of 1st period - Colin Wilson wins face-off versus Ryan Craig in Inferno zone.
14:25 of 1st period - Colin Wilson is hit by Nikolai Zherdev.
14:53 of 1st period - Anthony Stewart is hit by Cal O'Reilly and loses puck.
14:58 of 1st period - Snap shot by Pavel Vorobiev.
14:58 of 1st period - Deflect By Cal O'Reilly.
14:58 of 1st period - Goal by Cal O'Reilly - Demolitions : 3 - Inferno : 3.
14:59 of 1st period - Ryan Craig wins face-off versus Colin Wilson in neutral zone.
15:02 of 1st period - Brad Marchand is hit by Kyle Cumiskey and loses puck.
15:22 of 1st period - Nikolai Zherdev is hit by Andrej Sekera and loses puck.
15:33 of 1st period - Nikolai Zherdev is hit by Andrej Sekera and loses puck.
15:40 of 1st period - Snap shot by Colin Wilson.
15:40 of 1st period - Shot Misses the Net.
15:42 of 1st period - Snap shot by Jonathan Ferland.
15:42 of 1st period - Stopped by Brent Krahn without a rebound.
15:43 of 1st period - Brian Boyle wins face-off versus T.J. Hensick in Demolitions zone.
16:08 of 1st period - Pavel Vorobiev is hit by Darren Helm and loses puck.
16:17 of 1st period - Wrist shot by Cal O'Reilly.
16:17 of 1st period - Shot Misses the Net.
17:29 of 1st period - Off-side.
17:30 of 1st period - Cal O'Reilly wins face-off versus Darren Helm in neutral zone.
17:43 of 1st period - Snap shot by Pavel Vorobiev.
17:43 of 1st period - Goal by Pavel Vorobiev - Demolitions : 3 - Inferno : 4.
17:44 of 1st period - Colin Wilson wins face-off versus Ryan Craig in neutral zone.
18:07 of 1st period - Icing by Andrej Sekera.
18:08 of 1st period - Brad Marchand wins face-off versus T.J. Hensick in Inferno zone.
18:21 of 1st period - Snap shot by Anthony Stewart.
18:21 of 1st period - Goal by Anthony Stewart - Demolitions : 4 - Inferno : 4.
18:22 of 1st period - Colin Wilson wins face-off versus Ryan Craig in neutral zone.
18:58 of 1st period - Slapshot by Jonathan Ferland.
18:58 of 1st period - Shot Misses the Net.
19:00 of 1st period - Wrist shot by Jonathan Ferland.
19:00 of 1st period - Stopped by Brent Krahn without a rebound.
19:01 of 1st period - Ryan Craig wins face-off versus Brian Boyle in Demolitions zone.
19:11 of 1st period - Wrist shot by Daniel Paille.
19:11 of 1st period - Shot Blocked by Brendan Mikkelson.
19:13 of 1st period - Snap shot by Daniel Paille.
19:13 of 1st period - Stopped by Josh Harding with a rebound.
19:15 of 1st period - Snap shot by Nikolai Zherdev.
19:15 of 1st period - Shot Blocked by Vladimir Zharkov.
19:17 of 1st period - Snap shot by Ryan Craig.
19:17 of 1st period - Stopped by Josh Harding without a rebound.
19:18 of 1st period - Cal O'Reilly wins face-off versus Anthony Stewart in Inferno zone.
Goals for this period are 4 for Demolitions vs 4 for Inferno.
Shots for this period are 11 for Demolitions vs 15 for Inferno.
2nd period
0:01 of 2nd period - Brian Boyle wins face-off versus T.J. Hensick in neutral zone.
0:40 of 2nd period - Minor Penalty to Colin Wilson for Holding Stick.
0:41 of 2nd period - Brian Boyle wins face-off versus Ryan Craig in Inferno zone.
2:25 of 2nd period - Icing by Bobby Butler.
2:26 of 2nd period - Brian Boyle wins face-off versus T.J. Hensick in Demolitions zone.
2:40 of 2nd period - Penalty to Colin Wilson is over, Colin Wilson is back on ice.
3:09 of 2nd period - Icing by Matt Kassian.
3:10 of 2nd period - Anders Lee wins face-off versus Corban Knight in Inferno zone.
3:17 of 2nd period - Slapshot by Andrej Sekera.
3:17 of 2nd period - Stopped by Brent Krahn without a rebound.
3:18 of 2nd period - Colin Wilson wins face-off versus Ryan Craig in Demolitions zone.
3:22 of 2nd period - Minor Penalty to Ryan Craig for Hooking.
3:23 of 2nd period - Nikolai Zherdev wins face-off versus Colin Wilson in Demolitions zone.
4:41 of 2nd period - Snap shot by Petr Vrana.
4:41 of 2nd period - Shot Misses the Net.
5:17 of 2nd period - Slapshot by Andrej Sekera.
5:17 of 2nd period - Stopped by Brent Krahn without a rebound.
5:18 of 2nd period - Nikolai Zherdev wins face-off versus Anders Lee in Demolitions zone.
5:22 of 2nd period - Penalty to Ryan Craig is over, Ryan Craig is back on ice.
5:51 of 2nd period - Brendan Mikkelson is hit by Seth Helgeson and loses puck.
6:06 of 2nd period - Matt Kassian is hit by Ryan Craig and loses puck.
6:11 of 2nd period - Snap shot by Nikolai Zherdev.
6:11 of 2nd period - Stopped by Josh Harding with a rebound.
6:13 of 2nd period - Wrist shot by Ryan Craig.
6:13 of 2nd period - Goal by Ryan Craig - Demolitions : 5 - Inferno : 4.
6:14 of 2nd period - Darren Helm wins face-off versus Brian Boyle in neutral zone.
6:19 of 2nd period - Wrist shot by Brad Richardson.
6:19 of 2nd period - Shot Blocked by Stephane Veilleux.
6:43 of 2nd period - Off-side.
6:44 of 2nd period - Colin Wilson wins face-off versus Spencer Machacek in neutral zone.
7:17 of 2nd period - Slapshot by Petr Vrana.
7:17 of 2nd period - Shot Misses the Net.
7:19 of 2nd period - Wrist shot by Petr Vrana.
7:19 of 2nd period - Stopped by Josh Harding with a rebound.
7:21 of 2nd period - Wrist shot by Petr Vrana.
7:21 of 2nd period - Stopped by Josh Harding with a rebound.
7:23 of 2nd period - Snap shot by Anssi Salmela.
7:23 of 2nd period - Stopped by Josh Harding with a rebound.
7:25 of 2nd period - Slapshot by Karl Alzner.
7:25 of 2nd period - Deflect By Spencer Machacek.
7:25 of 2nd period - Goal by Spencer Machacek - Demolitions : 6 - Inferno : 4.
7:25 of 2nd period - Jonathan Boutin enters game.
7:26 of 2nd period - Brian Boyle wins face-off versus T.J. Hensick in neutral zone.
7:26 of 2nd period - Brian Boyle is hit by Anthony Stewart.
7:35 of 2nd period - Icing by Anton Babchuk.
7:36 of 2nd period - T.J. Hensick wins face-off versus Brian Boyle in Demolitions zone.
8:09 of 2nd period - Wrist shot by Brian Boyle.
8:09 of 2nd period - Shot Blocked by T.J. Hensick.
8:11 of 2nd period - Snap shot by Brian Boyle.
8:11 of 2nd period - Shot Misses the Net.
8:45 of 2nd period - Backhand shot by Stephane Veilleux.
8:45 of 2nd period - Stopped by Brent Krahn with a rebound.
8:47 of 2nd period - Wrist shot by Stephane Veilleux.
8:47 of 2nd period - Shot Blocked by Anton Babchuk.
8:49 of 2nd period - Wrist shot by Vladimir Zharkov.
8:49 of 2nd period - Shot Misses the Net.
8:51 of 2nd period - Wrist shot by Brian Boyle.
8:51 of 2nd period - Shot Blocked by Kyle Cumiskey.
8:53 of 2nd period - Slapshot by Vladimir Zharkov.
8:53 of 2nd period - Shot Misses the Net.
8:55 of 2nd period - Slapshot by Travis Hamonic.
8:55 of 2nd period - Stopped by Brent Krahn with a rebound.
8:57 of 2nd period - Wrist shot by Brian Boyle.
8:57 of 2nd period - Deflect By Stephane Veilleux.
8:57 of 2nd period - Stopped by Brent Krahn with a rebound.
9:07 of 2nd period - Wrist shot by Brian Boyle.
9:07 of 2nd period - Shot Misses the Net.
9:09 of 2nd period - Snap shot by Brian Boyle.
9:09 of 2nd period - Stopped by Brent Krahn with a rebound.
9:11 of 2nd period - Snap shot by Vladimir Zharkov.
9:11 of 2nd period - Shot Blocked by Anton Babchuk.
9:13 of 2nd period - Slapshot by Vladimir Zharkov.
9:13 of 2nd period - Shot Misses the Net.
9:15 of 2nd period - Wrist shot by Vladimir Zharkov.
9:15 of 2nd period - Stopped by Brent Krahn with a rebound.
9:17 of 2nd period - Wrist shot by Stephane Veilleux.
9:17 of 2nd period - Shot Misses the Net.
9:19 of 2nd period - Wrist shot by Brian Boyle.
9:19 of 2nd period - Goal by Brian Boyle - Demolitions : 6 - Inferno : 5.
9:20 of 2nd period - Daniel Paille wins face-off versus Colin Wilson in neutral zone.
9:22 of 2nd period - Minor Penalty to Nikolai Zherdev for Roughing.
9:23 of 2nd period - Petr Vrana wins face-off versus Colin Wilson in Demolitions zone.
11:08 of 2nd period - Brendan Mikkelson is hit by Darren Helm and loses puck.
11:22 of 2nd period - Penalty to Nikolai Zherdev is over, Nikolai Zherdev is back on ice.
11:31 of 2nd period - Snap shot by Ryan Craig.
11:31 of 2nd period - Stopped by Jonathan Boutin with a rebound.
12:28 of 2nd period - Icing by Bobby Butler.
12:29 of 2nd period - Anders Lee wins face-off versus Corban Knight in Demolitions zone.
12:32 of 2nd period - Wrist shot by Alex Berry.
12:32 of 2nd period - Shot Misses the Net.
12:34 of 2nd period - Slapshot by Brendan Mikkelson.
12:34 of 2nd period - Deflect By Anders Lee.
12:34 of 2nd period - Shot Misses the Net.
12:34 of 2nd period - Puck is out of play.
12:35 of 2nd period - Corban Knight wins face-off versus Anders Lee in Demolitions zone.
12:46 of 2nd period - Wrist shot by Brendan Mikkelson.
12:46 of 2nd period - Shot Misses the Net.
12:48 of 2nd period - Slapshot by Brendan Mikkelson.
12:48 of 2nd period - Shot Misses the Net.
12:58 of 2nd period - Jonathan Ferland is hit by Nikolai Zherdev and loses puck.
13:19 of 2nd period - Brian Boyle is hit by Bobby Butler and loses puck.
13:48 of 2nd period - Wrist shot by Jordan LaVallee.
13:48 of 2nd period - Stopped by Jonathan Boutin with a rebound.
14:48 of 2nd period - Wrist shot by Alex Berry.
14:48 of 2nd period - Stopped by Brent Krahn without a rebound.
14:49 of 2nd period - Colin Wilson wins face-off versus T.J. Hensick in Demolitions zone.
14:58 of 2nd period - Wrist shot by Brad Marchand.
14:58 of 2nd period - Stopped by Brent Krahn with a rebound.
16:18 of 2nd period - T.J. Hensick is hit by Brian Boyle and loses puck.
16:41 of 2nd period - Snap shot by Matt Kassian.
16:41 of 2nd period - Stopped by Brent Krahn with a rebound.
17:04 of 2nd period - Slapshot by Spencer Machacek.
17:04 of 2nd period - Shot Misses the Net.
17:06 of 2nd period - Slapshot by Anton Babchuk.
17:06 of 2nd period - Stopped by Jonathan Boutin with a rebound.
17:08 of 2nd period - Slapshot by Kyle Cumiskey.
17:08 of 2nd period - Shot Misses the Net.
17:19 of 2nd period - Icing by Anssi Salmela.
17:20 of 2nd period - Darren Helm wins face-off versus Colin Wilson in Demolitions zone.
17:35 of 2nd period - Snap shot by Jordan LaVallee.
17:35 of 2nd period - Shot Blocked by Andrej Sekera.
17:53 of 2nd period - Snap shot by Jonathan Ferland.
17:53 of 2nd period - Shot Misses the Net.
18:11 of 2nd period - Colin Wilson is hit by Anssi Salmela and loses puck.
18:31 of 2nd period - Icing by Anssi Salmela.
18:32 of 2nd period - Darren Helm wins face-off versus Brian Boyle in Demolitions zone.
18:35 of 2nd period - Snap shot by Stephane Veilleux.
18:35 of 2nd period - Stopped by Brent Krahn without a rebound.
18:36 of 2nd period - Brian Boyle wins face-off versus Ryan Craig in Demolitions zone.
18:44 of 2nd period - Off-side.
18:45 of 2nd period - Brian Boyle wins face-off versus Ryan Craig in neutral zone.
18:56 of 2nd period - Backhand shot by Daniel Paille.
18:56 of 2nd period - Shot Misses the Net.
19:23 of 2nd period - Wrist shot by Nikolai Zherdev.
19:23 of 2nd period - Stopped by Jonathan Boutin with a rebound.
19:25 of 2nd period - Wrist shot by Daniel Paille.
19:25 of 2nd period - Shot Misses the Net.
19:27 of 2nd period - Snap shot by Nikolai Zherdev.
19:27 of 2nd period - Stopped by Jonathan Boutin with a rebound.
19:29 of 2nd period - Snap shot by Nikolai Zherdev.
19:29 of 2nd period - Shot Blocked by Travis Hamonic.
19:31 of 2nd period - Slapshot by Kyle Cumiskey.
19:31 of 2nd period - Stopped by Jonathan Boutin without a rebound.
19:32 of 2nd period - Colin Wilson wins face-off versus T.J. Hensick in Inferno zone.
19:32 of 2nd period - Colin Wilson is hit by T.J. Hensick.
19:35 of 2nd period - Icing by Yannick Weber.
19:36 of 2nd period - T.J. Hensick wins face-off versus Colin Wilson in Inferno zone.
19:47 of 2nd period - Snap shot by Anthony Stewart.
19:47 of 2nd period - Stopped by Jonathan Boutin with a rebound.
19:49 of 2nd period - Slapshot by Anssi Salmela.
19:49 of 2nd period - Shot Misses the Net.
19:51 of 2nd period - Slapshot by T.J. Hensick.
19:51 of 2nd period - Shot Hit the Post.
Goals for this period are 2 for Demolitions vs 1 for Inferno.
Shots for this period are 13 for Demolitions vs 12 for Inferno.
3rd period
0:01 of 3rd period - Colin Wilson wins face-off versus Ryan Craig in neutral zone.
0:03 of 3rd period - Travis Hamonic is hit by Anton Babchuk and loses puck.
0:27 of 3rd period - Vladimir Zharkov is hit by Kyle Cumiskey and loses puck.
0:46 of 3rd period - Snap shot by Jordan LaVallee.
0:46 of 3rd period - Deflect By Brad Richardson.
0:46 of 3rd period - Shot Misses the Net.
0:46 of 3rd period - Puck is out of play.
0:47 of 3rd period - Darren Helm wins face-off versus Pavel Vorobiev in Inferno zone.
0:50 of 3rd period - Wrist shot by Jordan LaVallee.
0:50 of 3rd period - Shot Misses the Net.
0:55 of 3rd period - Yannick Weber is hit by Brad Richardson and loses puck.
1:00 of 3rd period - Snap shot by Pavel Vorobiev.
1:00 of 3rd period - Shot Blocked by Tim Erixon.
1:02 of 3rd period - Snap shot by David Ullstrom.
1:02 of 3rd period - Shot Misses the Net.
1:08 of 3rd period - Minor Penalty to Seth Helgeson for Roughing.
1:09 of 3rd period - Colin Wilson wins face-off versus Nikolai Zherdev in Demolitions zone.
2:43 of 3rd period - Travis Hamonic is hit by Anton Babchuk and loses puck.
3:08 of 3rd period - Penalty to Seth Helgeson is over, Seth Helgeson is back on ice.
3:29 of 3rd period - Off-side.
3:30 of 3rd period - Brian Boyle wins face-off versus Corban Knight in neutral zone.
3:55 of 3rd period - Snap shot by Matt Kassian.
3:55 of 3rd period - Stopped by Brent Krahn with a rebound.
4:10 of 3rd period - Brad Marchand is hit by Seth Helgeson and loses puck.
4:47 of 3rd period - Vladimir Zharkov is hit by T.J. Hensick and loses puck.
5:30 of 3rd period - Anders Lee is hit by Corban Knight and loses puck.
5:54 of 3rd period - Snap shot by Cal O'Reilly.
5:54 of 3rd period - Stopped by Brent Krahn with a rebound.
5:56 of 3rd period - Slapshot by Yannick Weber.
5:56 of 3rd period - Shot Blocked by Seth Helgeson.
5:58 of 3rd period - Snap shot by Pavel Vorobiev.
5:58 of 3rd period - Inferno goal is going for a video replay.
5:58 of 3rd period - The goal is refused. The puck has entered the net after making contact with an attacking player’s stick that is above the height of the crossbar..
5:59 of 3rd period - Colin Wilson wins face-off versus Ryan Craig in Demolitions zone.
6:13 of 3rd period - Wrist shot by Daniel Paille.
6:13 of 3rd period - Shot Misses the Net.
6:15 of 3rd period - Wrist shot by Daniel Paille.
6:15 of 3rd period - Shot Blocked by Yannick Weber.
6:47 of 3rd period - Snap shot by Stephane Veilleux.
6:47 of 3rd period - Stopped by Brent Krahn with a rebound.
6:49 of 3rd period - Slapshot by Yannick Weber.
6:49 of 3rd period - Stopped by Brent Krahn with a rebound.
6:51 of 3rd period - Snap shot by Cal O'Reilly.
6:51 of 3rd period - Shot Misses the Net.
7:09 of 3rd period - Wrist shot by Alex Berry.
7:09 of 3rd period - Shot Misses the Net.
7:15 of 3rd period - Slapshot by Alex Berry.
7:15 of 3rd period - Stopped by Brent Krahn with a rebound.
7:17 of 3rd period - Slapshot by Matt Kassian.
7:17 of 3rd period - Goal by Matt Kassian - Demolitions : 6 - Inferno : 6.
7:18 of 3rd period - Colin Wilson wins face-off versus Ryan Craig in neutral zone.
7:21 of 3rd period - Wrist shot by Brad Marchand.
7:21 of 3rd period - Shot Misses the Net.
7:23 of 3rd period - Snap shot by Jonathan Ferland.
7:23 of 3rd period - Shot Misses the Net.
7:25 of 3rd period - Slapshot by Colin Wilson.
7:25 of 3rd period - Shot Misses the Net.
7:27 of 3rd period - Snap shot by Jonathan Ferland.
7:27 of 3rd period - Shot Blocked by Kyle Cumiskey.
8:33 of 3rd period - Wrist shot by Jonathan Ferland.
8:33 of 3rd period - Stopped by Brent Krahn without a rebound.
8:34 of 3rd period - Colin Wilson wins face-off versus Darren Helm in Demolitions zone.
8:39 of 3rd period - Snap shot by Colin Wilson.
8:39 of 3rd period - Shot Misses the Net.
8:41 of 3rd period - Slapshot by Brad Marchand.
8:41 of 3rd period - Stopped by Brent Krahn with a rebound.
8:43 of 3rd period - Backhand shot by Brad Marchand.
8:43 of 3rd period - Shot Misses the Net.
8:52 of 3rd period - Minor Penalty to Brad Richardson for Roughing.
8:53 of 3rd period - Nikolai Zherdev wins face-off versus Colin Wilson in Demolitions zone.
9:05 of 3rd period - Wrist shot by Jonathan Ferland.
9:05 of 3rd period - Shot Misses the Net.
9:07 of 3rd period - Slapshot by Andrej Sekera.
9:07 of 3rd period - Shot Blocked by Kyle Cumiskey.
9:49 of 3rd period - Yannick Weber is hit by Karl Alzner.
10:52 of 3rd period - Penalty to Brad Richardson is over, Brad Richardson is back on ice.
10:55 of 3rd period - Snap shot by Brad Richardson.
10:55 of 3rd period - Shot Misses the Net.
11:35 of 3rd period - Wrist shot by Pavel Vorobiev.
11:35 of 3rd period - Stopped by Brent Krahn with a rebound.
11:37 of 3rd period - Backhand shot by Travis Hamonic.
11:37 of 3rd period - Shot Blocked by Tim Erixon.
13:12 of 3rd period - Jordan LaVallee is hit by Alex Berry and loses puck.
13:23 of 3rd period - Jonathan Ferland is hit by Seth Helgeson and loses puck.
13:54 of 3rd period - Alex Berry is hit by Karl Alzner and loses puck.
14:56 of 3rd period - Jonathan Ferland is hit by Anthony Stewart and loses puck.
15:23 of 3rd period - Stephane Veilleux is hit by Daniel Paille and loses puck.
15:35 of 3rd period - Off-side.
15:36 of 3rd period - Cal O'Reilly wins face-off versus Corban Knight in neutral zone.
15:51 of 3rd period - Tim Erixon is hit by Pavel Vorobiev and loses puck.
15:55 of 3rd period - Seth Helgeson is hit by Pavel Vorobiev and loses puck.
16:00 of 3rd period - Petr Vrana is hit by Cal O'Reilly and loses puck.
16:11 of 3rd period - David Ullstrom is hit by Kyle Cumiskey and loses puck.
16:27 of 3rd period - Slapshot by Tim Erixon.
16:27 of 3rd period - Shot Blocked by Cal O'Reilly.
16:29 of 3rd period - Snap shot by Spencer Machacek.
16:29 of 3rd period - Shot Misses the Net.
16:31 of 3rd period - Snap shot by Anssi Salmela.
16:31 of 3rd period - Shot Blocked by Mark Mitera.
16:33 of 3rd period - Snap shot by Petr Vrana.
16:33 of 3rd period - Stopped by Jonathan Boutin with a rebound.
16:41 of 3rd period - Corban Knight is hit by David Ullstrom and loses puck.
16:52 of 3rd period - Snap shot by Pavel Vorobiev.
16:52 of 3rd period - Goal by Pavel Vorobiev - Demolitions : 6 - Inferno : 7.
16:53 of 3rd period - Darren Helm wins face-off versus Colin Wilson in neutral zone.
17:18 of 3rd period - Stephane Veilleux is hit by Nikolai Zherdev and loses puck.
17:41 of 3rd period - Slapshot by Anders Lee.
17:41 of 3rd period - Shot Blocked by T.J. Hensick.
17:43 of 3rd period - Wrist shot by Matt Kassian.
17:43 of 3rd period - Shot Misses the Net.
17:45 of 3rd period - Snap shot by Alex Berry.
17:45 of 3rd period - Shot Blocked by Kyle Cumiskey.
17:47 of 3rd period - Slapshot by Travis Hamonic.
17:47 of 3rd period - Deflect By Bobby Butler.
17:47 of 3rd period - Stopped by Brent Krahn without a rebound.
17:48 of 3rd period - Brad Marchand wins face-off versus Darren Helm in Demolitions zone.
17:51 of 3rd period - Snap shot by Colin Wilson.
17:51 of 3rd period - Goal by Colin Wilson - Demolitions : 6 - Inferno : 8.
17:52 of 3rd period - Darren Helm wins face-off versus Cal O'Reilly in neutral zone.
18:01 of 3rd period - Wrist shot by Jordan LaVallee.
18:01 of 3rd period - Shot Misses the Net.
18:03 of 3rd period - Slapshot by Kyle Cumiskey.
18:03 of 3rd period - Shot Blocked by Travis Hamonic.
18:05 of 3rd period - Slapshot by Jordan LaVallee.
18:05 of 3rd period - Shot Misses the Net.
18:07 of 3rd period - Slapshot by Kyle Cumiskey.
18:07 of 3rd period - Stopped by Jonathan Boutin with a rebound.
18:17 of 3rd period - Colin Wilson is hit by Kyle Cumiskey and loses puck.
19:33 of 3rd period - Andrej Sekera is hit by Seth Helgeson and loses puck.
Goals for this period are 0 for Demolitions vs 3 for Inferno.
Shots for this period are 2 for Demolitions vs 13 for Inferno.
Output by the SimonT Hockey Simulator (STHS) for François Prévost -- Original Page W3C XHTML 1.0 Valid